 Dungeon Crawl Stone Soup version 0.28.0-53-g5a82cb258f (webtiles) character file.

Game seed: 16788670993308896004

2506 Doot the Thaumaturge (level 9, -6/47 (48) HPs)
             Began as a Deep Elf Necromancer on July 7, 2022.
             Mangled by a wight
             ... wielding a +0 trident of distortion
              (23 damage)
             ... on level 7 of the Dungeon.
             The game lasted 00:11:52 (11407 turns).

Doot the Thaumaturge (Deep Elf Necromancer)        Turns: 11407, Time: 00:11:53

HP:   -6/47 (48)    AC:  3    Str:  5    XL:     9   Next: 28%
MP:   25/25         EV: 13    Int: 25    God:
Gold: 336           SH:  0    Dex: 15    Spells: 13/28 levels left

rFire   + . .      SeeInvis .   b - staff of death
rCold   . . .      Faith    .   (no shield)
rNeg    + . .      Spirit   .   h - +0 robe
rPois   .          Reflect  .   (no helmet)
rElec   .          Harm     .   (no cloak)
rCorr   .          Rampage  .   d - +0 pair of gloves
Will    .....                   (no boots)
Stlth   +++.......              (no amulet)
HPRegen 0.15/turn               q - ring of protection from fire
MPRegen 0.19/turn               (no ring)

@: lightly drained
A: no striking features
a: no special abilities


You were on level 7 of the Dungeon.
You visited 1 branch of the dungeon, and saw 8 of its levels.

You collected 336 gold pieces.

Inventory:

Hand Weapons
 a - a +4 dagger
 z - a +4 short sword
 D - a +0 dagger
Missiles
 x - 3 curare-tipped darts
Armour
 d - a +0 pair of gloves (worn)
 h - a +0 robe (worn)
Magical Staves
 b - a staff of death (weapon)
Jewellery
 q - a ring of protection from fire (left hand)
 y - a ring of flight
Wands
 m - a wand of digging (8)
 A - a wand of polymorph (3)
Scrolls
 c - a scroll of summoning {unknown}
 e - 2 scrolls of immolation {unknown}
 f - 4 scrolls of identify {unknown}
 p - 2 scrolls of vulnerability {unknown}
 r - 3 scrolls of noise {unknown}
 s - a scroll of torment {unknown}
 t - 3 scrolls of blinking {unknown}
 u - 2 scrolls of enchant weapon {unknown}
 w - 3 scrolls of teleportation {unknown}
Potions
 g - a potion of mutation {unknown}
 i - 3 potions of degeneration {unknown}
 j - a potion of attraction {unknown}
 k - 2 potions of brilliance {unknown}
 l - 4 potions of might {unknown}
 n - a potion of heal wounds {unknown}
 o - 8 potions of curing {unknown}
 v - 2 potions of flight {unknown}
 B - a potion of magic {unknown}
 C - a potion of invisibility {unknown}


   Skills:
 + Level 1.6 Fighting
 + Level 1.5 Short Blades
 + Level 0.2 Throwing
 + Level 3.9 Dodging
 + Level 4.0 Stealth
 + Level 10.2 Spellcasting
 * Level 5.0 Conjurations
 + Level 9.7 Necromancy
 + Level 2.1 Air Magic


You had 13 spell levels left.
You knew the following spells:

 Your Spells              Type           Power      Damage    Failure   Level
a - Pain                  Necr           100%       1d9       1%          1
b - Vampiric Draining     Necr           75%        2d11      1%          3
c - Animate Dead          Necr           37%        N/A       1%          4
d - Static Discharge      Conj/Air       30%        N/A       1%          2
e - Agony                 Necr           75%        N/A       2%          5

Your spell library contained the following spells:

 Spells                   Type           Power      Damage    Failure   Level
 Animate Skeleton         Necr           100%       N/A       1%          1
 Poisonous Vapours        Pois/Air       36%        N/A       4%          2
 Spider Form              Tmut/Pois      12%        N/A       14%         3
 Eringya's Noxious Bog    Tmut/Pois      6%         N/A       100%        6


Dungeon Overview and Level Annotations

Branches:
Dungeon (8/15)
 Temple: D:4-7         Lair: D:8-11

Altars:
Elyvilon
The Shining One

Shops:
D:3 :

Portals:
Bailey: D:8


Message History

Confirm with . or Enter, or press ? or * to list all spells.
You can't see any susceptible monsters within range! (Use Z to cast anyway.) Unknown command.
Unknown command.
You see here a yak corpse.
p - 2 scrolls labelled YMUENNAUGA (gained 1) 3 wights come into view.
A wight is wielding a +0 trident of distortion.
Found 13 gold pieces.
You see here a yak corpse.
You see here a +0 short sword.
You see here a bullfrog skeleton.
There is a stone staircase leading down, spattered with blood here.
You climb downwards.
You hear the roar of battle.
There is an entrance to a bailey on this level.
Hurry and find it before the portal closes forever!
You hear the steady creaking of a portcullis.
The killer bee zombie completely misses you.
The killer bee zombie barely misses you.
The goblin throws a boomerang.
The boomerang barely misses you.
The kobold throws a poisoned dart.
The poisoned dart misses you.
A two-headed ogre comes into view. It is wielding two +0 giant clubs.
The goblin throws a boomerang.
The boomerang hits you.
The goblin throws a boomerang.
The boomerang barely misses you. The killer bee zombie hits you.
The goblin throws a boomerang.
The boomerang hits you.
There is a stone staircase leading up, spattered with blood here.
Unknown command.
The killer bee zombie hits you.
The goblin throws a boomerang.
The boomerang misses you.
The killer bee zombie hits you but does no damage.
You climb upwards.
The wight completely misses you.
There is a stone staircase leading down, spattered with blood here.
Unknown command.
Unknown command.
The wight hits you from afar with a +0 trident of distortion!
Space warps horribly around you!
The wight hits you from afar with a +0 trident of distortion.
You partially resist.
You feel drained. Space warps horribly around you!!
You die...

##..##...................#
#_#####.#####...).......########
### #..####............[......
##.##..................... ##
#..#......#####.......... .#
##.#......# ########### .#
#........# .# ##.......# .#
#.....@.# .### ##......# ...#
#..z...# .#+#########z.....#
.......†...).÷>####
......########## ......# ......#
.....##


You could see 2 wights.

Vanquished Creatures
  3 yaks (D:7)
  2 water moccasins
  A hornet zombie (D:7)
  A black bear (D:5)
  2 sky beasts (D:5)
  A necrophage (D:5)
  An ogre (D:4)
  3 bullfrogs
  A scorpion (D:5)
  A water moccasin zombie (D:7)
  2 wyvern skeletons (D:6)
  A water moccasin skeleton (D:4)
  2 howler monkeys (D:7)
  A centaur zombie (D:6)
  3 hounds
  4 orc priests
  A jelly (D:6)
  2 bullfrog skeletons
  2 centaur skeletons
  2 iguanas (D:5)
  5 orc wizards
  2 killer bee zombies (D:6)
  A gnoll (D:3)
  9 adders
  4 white imps
  An ufetubus (D:5)
  2 worms
  A dart slug (D:2)
  14 orcs
  11 ball pythons
  7 endoplasms
  2 giant cockroaches
  7 goblins
  7 hobgoblins
  3 jackals (D:2)
  7 kobolds
  4 quokkas
  8 bats
  A frilled lizard (D:2)
  6 rats
138 creatures vanquished.

Notes
Turn   | Place    | Note
-------+----------+-------------------------------------------
     0 | D:1      | Doot the Deep Elf Necromancer began the quest for the Orb.
     0 | D:1      | Reached XP level 1. HP: 10/10 MP: 6/6
   113 | D:1      | Reached skill level 5 in Necromancy
   327 | D:1      | Reached XP level 2. HP: 11/15 MP: 4/8
  1186 | D:1      | Reached XP level 3. HP: 17/19 MP: 7/10
  1761 | D:2      | Learned a level 3 spell: Vampiric Draining
  1901 | D:2      | Reached skill level 4 in Spellcasting
  1985 | D:2      | Found a faded altar of an unknown god.
  2204 | D:2      | Reached XP level 4. HP: 21/24 MP: 9/12
  2589 | D:2      | Learned a level 4 spell: Animate Dead
  2886 | D:3      | Got Inaog's Compendium of Cankerous Flight
  2889 | D:3      | Found Qocujo's Book Boutique.
  2894 | D:3      | Learned a level 2 spell: Static Discharge
  3216 | D:3      | Reached skill level 5 in Spellcasting
  3529 | D:3      | Found a white marble altar of Elyvilon.
  3985 | D:4      | Reached XP level 5. HP: 28/28 MP: 14/14
  4308 | D:4      | Noticed an ogre
  4315 | D:4      | Killed an ogre
  4316 | D:4      | Reached skill level 1 in Conjurations
  4316 | D:4      | Reached XP level 6. HP: 29/32 MP: 12/16
  4727 | D:5      | Entered Level 5 of the Dungeon
  4881 | D:5      | Reached skill level 6 in Spellcasting
  5473 | D:5      | Reached skill level 1 in Air Magic
  5585 | D:5      | Reached XP level 7. HP: 33/36 MP: 14/18
  5754 | D:5      | Reached skill level 7 in Spellcasting
  7022 | D:6      | Learned a level 5 spell: Agony
  7252 | D:6      | Reached XP level 8. HP: 42/42 MP: 14/21
  7271 | D:5      | Reached skill level 1 in Short Blades
  7271 | D:5      | Reached skill level 8 in Spellcasting
  8675 | D:7      | Reached skill level 1 in Fighting
  8891 | D:7      | Found a glowing golden altar of the Shining One.
  9260 | D:6      | Reached skill level 9 in Spellcasting
 10770 | D:7      | Reached XP level 9. HP: 7/47 MP: 12/24
 11062 | D:8      | Found a flagged portal.
 11260 | D:7      | Reached skill level 10 in Spellcasting
 11263 | D:7      | Reached skill level 5 in Conjurations
 11401 | D:8      | Noticed a two-headed ogre
 11407 | D:7      | Mangled by a wight

Illustrated notes

Levels and vault maps discovered:
D:1:      dpeg_arrival_round_c, layout_basic, minmay_surrounded
D:2:      layout_loops_cross, basic_ecumenical_altar
D:3:      layout_loops_ring, elyvilon_altar_5, serial_shops, shop_statue,
          kennysheep_generic_room_6
D:4:      layout_loops_ring
D:5:      layout_loops_corners, grunt_ministairs_15
D:6:      layout_loops_ring, kennysheep_generic_room_16
D:7:      layout_basic, marbit_many_paths, minmay_temple_entry_offerings
D:8:      layout_rooms, gammafunk_temple_overflow_statue, david_lair_shrubbed,
          enter_bailey_5, gammafunk_ghost_stat_death, lemuel_old_faithful,
          uniq_maurice

Skill      XL: |  1  2  3  4  5  6  7  8  9 |
---------------+----------------------------+-----
Necromancy     | 5 6 7 8 9 |  9.7
Spellcasting   | 4 5 6 7 9 10 | 10.2
Stealth        | 3 4 |  4.0
Conjurations   | 1 2 3 4 5 |  5.0
Air Magic      | 1 2 |  2.1
Short Blades   | 1 |  1.5
Dodging        | 3 |  3.9
Fighting       | 1 |  1.6
Throwing       | |  0.2

Action                   |  1- 3 |  4- 6 |  7- 9 || total
-------------------------+-------+-------+-------++-------
Melee: Dagger            |     2 |    18 |    43 ||    63
       Punch             |       |       |     1 ||     1
       Staff             |       |       |     5 ||     5
Throw: Dart              |       |     3 |       ||     3
 Cast: Pain              |    59 |    73 |    34 ||   166
       Vampiric Draining |     3 |     9 |    58 ||    70
       Static Discharge  |       |    10 |    50 ||    60
 Stab: Sleeping          |     2 |     2 |     1 ||     5
       Distracted        |       |       |     1 ||     1
Armor: Robe              |       |     7 |    30 ||    37
Dodge: Dodged            |     9 |    35 |   136 ||   180
